[Event "Commonwealth Open 2019"]
[Site "Delhi"]
[Date "2019.07.06"]
[Round "8.1"]
[White "Swapnil, S. Dhopade"]
[Black "Gupta, Abhijeet"]
[Result "1/2-1/2"]
[ECO "A48"]
[WhiteElo "2488"]
[BlackElo "2606"]
[Annotator "RC"]
[PlyCount "287"]
[EventDate "2019.06.30"]
[EventType "swiss"]
[EventCountry "IND"]
[SourceTitle "playchess.com"]
[Source "ChessBase"]
[SourceQuality "1"]
[TimeControl "5400+30"]

1. d4 Nf6 2. Nf3 g6 3. b3 Bg7 4. Bb2 c5 5. dxc5 Qa5+ 6. Nbd2 O-O 7. e3 Qxc5 8. c4 b6 9. Be2 Bb7 10. O-O d6 11. Rc1 Nbd7 12. Nb1 Rad8 13. Nc3 Ne4 14. Nxe4 Bxe4 15. Bxg7 Kxg7 16. Qd2 Nf6 17. Rfd1 Bb7 18. Qb2 Qc8 19. Nd4 Kg8 20. Nb5 Qb8 21. Qa3 a6 22. Nc3 Qa8 23. Bf1 Bc6 24. Rd4 Rc8 25. Rcd1 Ne4 26. Nxe4 Bxe4 27. Qb4 Rc5 28. Qd2 Rg5 29. f4 Rc5 30. Bd3 Bxd3 31. Qxd3 b5 32. cxb5 axb5 33. b4 Rc7 34. Qxb5 Qxa2 35. Qa5 Qc2 36. R4d2 Qc6 37. Qd5 Qb6 38. Qd4 Qb5 39. Rb2 Rfc8 40. Qd5 Qa4 41. b5 Rc5 42. Qb3 Qe4 43. Qd3 Qxd3 44. Rxd3 Rc1+ 45. Kf2 R8c2+ 46. Rxc2 Rxc2+ 47. Kf3 Rb2 48. Rd5 f5 49. h3 Kf7 50. g4 Ke6 51. Rd1 Rxb5 52. g5 Rb8 53. h4 h5 54. Ra1 Rb2 55. Rd1 Rc2 56. Kg3 Rc5 57. Kf3 Rd5 58. Rb1 Rd2 59. Ra1 Kf7 60. Kg3 Rc2 61. Kf3 Rc7 62. Rd1 Rc3 63. Kf2 Ke6 64. Kf3 Kd7 65. Kf2 Kc6 66. Ra1 Kd5 67. Kf3 e5 68. fxe5 dxe5 69. Ra5+ Rc5 70. Ra8 Rc6 71. Ra1 Rc3 72. Ra5+ Rc5 73. Ra8 Rc6 74. Rg8 Rd6 75. Rg7 Kc4 76. Rf7 Rd3 77. Rc7+ Kd5 78. Rd7+ Ke6 79. Rg7 f4 80. Rxg6+ Kd5 81. Rh6 Rxe3+ 82. Kf2 Rg3 83. Rxh5 e4 84. Rh8 e3+ 85. Ke2 Ke4 86. Re8+ Kf5 87. Rf8+ Kg4 88. g6 Rg2+ 89. Kd3 e2 90. Kd2 Kf3 91. Re8 Rxg6 92. Rxe2 Rh6 93. Ke1 Kg3 94. Kf1 Rxh4 95. Kg1 Rh8 96. Re7 Kf3 97. Rf7 Rg8+ 98. Kf1 Rg6 99. Rf8 Kg3 100. Kg1 Rg7 101. Rf6 Kf3+ 102. Kf1 Rh7 103. Kg1 Ra7 104. Rf8 Ra2 105. Kf1 Rg2 106. Rf6 Rg7 107. Rf8 Ra7 108. Kg1 Ra1+ 109. Kh2 Ke3 110. Kg2 Ra2+ 111. Kf1 Ra7 112. Kg2 Rg7+ 113. Kf1 Kf3 114. Rf6 Ra7 115. Kg1 Ra1+ 116. Kh2 Rf1 117. Ra6 Rf2+ 118. Kg1 Re2 119. Rf6 Re1+ 120. Kh2 Re5 121. Kg1 Ke3 122. Kg2 Rg5+ 123. Kf1 Ra5 124. Kg2 Ra2+ 125. Kf1 Kf3 126. Kg1 Ra8 127. Rf7 Re8 128. Kf1 Rd8 129. Kg1 Rd1+ 130. Kh2 Re1 131. Rf8 Ke3 132. Kg2 Re2+ 133. Kf1 Ra2 134. Rf7 Kf3 135. Kg1 Ra1+ 136. Kh2 Rf1 137. Ra7 Re1 138. Rf7 Re4 139. Kg1 Ke3 140. Kg2 Re8 141. Rf6 Rg8+ 142. Kf1 Kf3 143. Rf7 Rb8 144. Kg1 1/2-1/2

[Event "Commonwealth Open 2019"]
[Site "Delhi"]
[Date "2019.07.06"]
[Round "8.2"]
[White "Deepan, Chakkravarthy J."]
[Black "Narayanan.S.L"]
[Result "0-1"]
[ECO "A29"]
[WhiteElo "2557"]
[BlackElo "2603"]
[Annotator "RC"]
[PlyCount "120"]
[EventDate "2019.06.30"]
[EventType "swiss"]
[EventCountry "IND"]
[SourceTitle "playchess.com"]
[Source "ChessBase"]
[SourceQuality "1"]
[TimeControl "5400+30"]

1. c4 e5 2. Nc3 Nf6 3. Nf3 Nc6 4. g3 Bb4 5. Bg2 O-O 6. O-O e4 7. Ng5 Bxc3 8. bxc3 Re8 9. f3 exf3 10. Nxf3 Qe7 11. e3 d6 12. Qc2 Ne5 13. d3 Nxf3+ 14. Rxf3 Be6 15. e4 Nd7 16. Rb1 Ne5 17. Rf1 c5 18. h3 Rac8 19. Kh2 b6 20. Qd1 f6 21. Rf2 Rf8 22. Rbb2 Kh8 23. Rf4 Rb8 24. Rf1 Bd7 25. Re1 Qe8 26. Bf4 Rc8 27. Bc1 Bc6 28. Rf2 Ba4 29. Qd2 b5 30. cxb5 c4 31. d4 Nd3 32. Ba3 Nxe1 33. Qxe1 Qxb5 34. Bxd6 Rfe8 35. Qc1 Qd7 36. Qf4 Rcd8 37. Bc7 Rc8 38. Bd6 Rcd8 39. Ba3 Bd1 40. g4 h6 41. Rb2 Qa4 42. Bc5 Bc2 43. h4 Bd3 44. g5 Qc6 45. gxh6 Bxe4 46. hxg7+ Kxg7 47. Qg4+ Kh6 48. Qf4+ Kg7 49. Qg4+ Kh6 50. Qf4+ Kg7 51. Bh3 Kf7 52. Rf2 Rh8 53. Bf1 Bd5 54. Be2 Rde8 55. h5 Re4 56. Qf5 Rh6 57. Kg1 Qe6 58. Qf3 Rh4 59. Bxc4 Rg4+ 60. Rg2 Qe1+ 0-1

[Event "Commonwealth Open 2019"]
[Site "Delhi"]
[Date "2019.07.06"]
[Round "8.3"]
[White "Aravindh, Chithambaram Vr."]
[Black "Lalith, Babu M R"]
[Result "1-0"]
[ECO "D38"]
[WhiteElo "2598"]
[BlackElo "2571"]
[Annotator "ChessBase"]
[PlyCount "87"]
[EventDate "2019.06.30"]
[EventType "swiss"]
[EventCountry "IND"]
[SourceTitle "playchess.com"]
[Source "ChessBase"]
[SourceQuality "1"]
[TimeControl "5400+30"]

1. d4 d5 2. c4 e6 3. Nc3 Bb4 4. Nf3 Nf6 5. Qa4+ Nc6 6. e3 O-O 7. Qc2 Bd6 8. Bd2 b6 9. a3 Bb7 10. Bd3 dxc4 11. Bxc4 a6 12. O-O-O b5 13. Ba2 e5 14. Bb1 Re8 15. Rhe1 b4 16. dxe5 Bxe5 17. Nxe5 Rxe5 18. Na2 bxa3 19. Bc3 Qe7 20. Bxe5 Nxe5 21. e4 axb2+ 22. Qxb2 Bc6 23. f4 Ned7 24. Qc3 Nc5 25. Nb4 Ba4 26. Nd5 Nxd5 27. Rxd5 Nd7 28. Re3 c6 29. Rd4 Bb5 30. Rg3 g6 31. h4 Nf6 32. Rg5 Rc8 33. e5 Nh5 34. f5 c5 35. f6 Qb7 36. Rd2 Nf4 37. h5 Ne6 38. Rg3 Be8 39. hxg6 hxg6 40. Qc4 Rb8 41. Ba2 Qc7 42. Rxg6+ fxg6 43. Qxe6+ Kh7 44. Qh3# 1-0

[Event "Commonwealth Open 2019"]
[Site "Delhi"]
[Date "2019.07.06"]
[Round "8.4"]
[White "Erigaisi, Arjun"]
[Black "Debashis, Das"]
[Result "1-0"]
[ECO "E00"]
[WhiteElo "2526"]
[BlackElo "2544"]
[Annotator "ChessBase"]
[PlyCount "43"]
[EventDate "2019.06.30"]
[EventType "swiss"]
[EventCountry "IND"]
[SourceTitle "playchess.com"]
[Source "ChessBase"]
[SourceQuality "1"]
[TimeControl "5400+30"]

1. d4 e6 2. c4 Bb4+ 3. Nc3 b6 4. Qc2 c5 5. e4 Nf6 6. d5 O-O 7. Nge2 d6 8. a3 Ba5 9. f3 b5 10. cxb5 exd5 11. exd5 a6 12. Bd2 Bd7 13. bxa6 Nxa6 14. Ng3 Re8+ 15. Be2 Nc7 16. O-O Ncxd5 17. Nxd5 Nxd5 18. Ne4 Bf5 19. Rac1 Re5 20. Rcd1 Bxd2 21. Bc4 Bxe4 22. Qxd2 1-0

[Event "Commonwealth Open 2019"]
[Site "Delhi"]
[Date "2019.07.06"]
[Round "8.5"]
[White "Tania, Sachdev"]
[Black "Iniyan, P."]
[Result "0-1"]
[ECO "E81"]
[WhiteElo "2401"]
[BlackElo "2525"]
[Annotator "ChessBase"]
[PlyCount "120"]
[EventDate "2019.06.30"]
[EventType "swiss"]
[EventCountry "IND"]
[SourceTitle "playchess.com"]
[Source "ChessBase"]
[SourceQuality "1"]
[TimeControl "5400+30"]

1. d4 Nf6 2. c4 g6 3. Nc3 Bg7 4. e4 d6 5. f3 O-O 6. Nge2 c5 7. d5 e6 8. Ng3 exd5 9. cxd5 a6 10. a4 h5 11. Bg5 Qb6 12. Qd2 Nh7 13. a5 Qc7 14. Bh6 Bxh6 15. Qxh6 b5 16. axb6 Qxb6 17. Rb1 Nd7 18. Be2 c4 19. Bxc4 Ne5 20. Be2 f5 21. exf5 Bxf5 22. Nxf5 Rxf5 23. Qd2 Nf6 24. Rd1 Rc8 25. Na4 Qb3 26. Nc3 Nc4 27. Bxc4 Qxc4 28. Qd4 Qb3 29. O-O Qxb2 30. Ne4 Qxd4+ 31. Rxd4 Nxe4 32. fxe4 Rxf1+ 33. Kxf1 a5 34. Ra4 Rc5 35. Kf2 Kf7 36. Ke3 Kf6 37. Kd4 Rb5 38. Kc4 Rc5+ 39. Kd4 Rb5 40. Kc4 Rb2 41. g3 Ke5 42. Rxa5 Kxe4 43. Ra6 Ke5 44. Ra8 Rc2+ 45. Kd3 Rxh2 46. Rg8 Kf5 47. Rf8+ Kg5 48. Rd8 Rh3 49. Rxd6 Rxg3+ 50. Ke4 Rg4+ 51. Ke3 Rg3+ 52. Kf2 h4 53. Rd8 Kg4 54. d6 Rd3 55. d7 g5 56. Ke2 Rd5 57. Ke3 h3 58. Ke4 Rd1 59. Ke3 h2 60. Rh8 Kg3 {[%emt 0:00:05] Kd4} 0-1

[Event "Commonwealth Open 2019"]
[Site "Delhi"]
[Date "2019.07.06"]
[Round "8.6"]
[White "Swayams, Mishra"]
[Black "Karthikeyan, P.."]
[Result "1/2-1/2"]
[ECO "A45"]
[WhiteElo "2493"]
[BlackElo "2445"]
[Annotator "ChessBase"]
[PlyCount "73"]
[EventDate "2019.06.30"]
[EventType "swiss"]
[EventCountry "IND"]
[SourceTitle "playchess.com"]
[Source "ChessBase"]
[SourceQuality "1"]
[TimeControl "5400+30"]

1. d4 Nf6 2. Bf4 g6 3. Nc3 d5 4. e3 Bg7 5. h4 c5 6. Nb5 Na6 7. c3 O-O 8. Be2 Bd7 9. a4 c4 10. h5 Qb6 11. hxg6 fxg6 12. b3 Rac8 13. bxc4 dxc4 14. Bf3 Bc6 15. Be5 Nb8 16. d5 Bxb5 17. Bd4 Qd6 18. axb5 Nbd7 19. Rxa7 Nc5 20. Bxc5 Rxc5 21. Rxb7 g5 22. e4 Rb8 23. Rxb8+ Qxb8 24. Nh3 Rxb5 25. O-O Qe5 26. Bg4 Nxe4 27. Be6+ Kh8 28. Qh5 Nf6 29. Qxg5 Nxd5 30. Qg4 Nxc3 31. Bxc4 Rc5 32. Qd7 Qf6 33. Qd8+ Qf8 34. Qd3 Qf5 35. Qd8+ Qf8 36. Qd3 Qf5 37. Qd8+ 1/2-1/2

[Event "Commonwealth Open 2019"]
[Site "Delhi"]
[Date "2019.07.06"]
[Round "8.7"]
[White "Krishna, C R G"]
[Black "Wagh, Suyog"]
[Result "1/2-1/2"]
[ECO "A00"]
[WhiteElo "2481"]
[BlackElo "2250"]
[Annotator "ChessBase"]
[PlyCount "32"]
[EventDate "2019.06.30"]
[EventType "swiss"]
[EventCountry "IND"]
[SourceTitle "playchess.com"]
[Source "ChessBase"]
[SourceQuality "1"]
[TimeControl "5400+30"]

1. g3 Nf6 2. Bg2 e5 3. c4 d5 4. cxd5 Nxd5 5. Nc3 Nb6 6. Nf3 Nc6 7. O-O Be7 8. d3 O-O 9. Be3 Re8 10. a3 a5 11. Rc1 Be6 12. Ne4 Bd5 13. Nc3 Be6 14. Ne4 Bd5 15. Nc5 Nd4 16. Ne4 Nc6 1/2-1/2

[Event "Commonwealth Open 2019"]
[Site "Delhi"]
[Date "2019.07.06"]
[Round "8.8"]
[White "Kunte, Abhijit"]
[Black "Mahalakshmi, M."]
[Result "1-0"]
[ECO "E15"]
[WhiteElo "2478"]
[BlackElo "2245"]
[Annotator "ChessBase"]
[PlyCount "137"]
[EventDate "2019.06.30"]
[EventType "swiss"]
[EventCountry "IND"]
[SourceTitle "playchess.com"]
[Source "ChessBase"]
[SourceQuality "1"]
[TimeControl "5400+30"]

1. d4 Nf6 2. c4 e6 3. Nf3 b6 4. g3 Ba6 5. Qa4 Bb7 6. Bg2 c5 7. O-O cxd4 8. Nxd4 Bxg2 9. Kxg2 Bc5 10. Rd1 Qc8 11. Nc3 Qb7+ 12. f3 O-O 13. Bg5 Be7 14. Bxf6 Bxf6 15. Ne4 Be7 16. Rac1 a6 17. Qb3 d6 18. c5 dxc5 19. Nxc5 Bxc5 20. Rxc5 Nd7 21. Rc6 Rab8 22. Qc3 Nf6 23. e4 Rbd8 24. Rc7 Qa8 25. Rd2 Qb8 26. Rc2 h6 27. Rc4 Qb7 28. Rc7 Qb8 29. a4 Rd7 30. Rxd7 Nxd7 31. Nc6 Qb7 32. Ne7+ Kh7 33. Qc7 Rb8 34. Qxb7 Rxb7 35. Nc8 Kg8 36. b4 Kf8 37. Nd6 Ra7 38. f4 f6 39. Rc6 Ra8 40. Rc7 Ke7 41. Nc8+ Ke8 42. Rc6 b5 43. a5 Kd8 44. Nb6 Nxb6 45. axb6 e5 46. fxe5 fxe5 47. b7 Rb8 48. Rxa6 Rxb7 49. Re6 Re7 50. Rb6 Rc7 51. Rxb5 Rc2+ 52. Kh3 Rc4 53. Rd5+ Ke7 54. Rxe5+ Kd6 55. Rf5 Ke6 56. b5 Rxe4 57. Rf4 Re2 58. Rb4 Kd7 59. b6 Kc8 60. Rc4+ Kb8 61. Rc7 g5 62. Rh7 Re6 63. b7 Rb6 64. Kg4 Rb2 65. Rxh6 Rxb7 66. Rh8+ Ka7 67. Kxg5 Kb6 68. g4 Kc6 69. Rd8 {[%emt 0:00:16] Kd5} 1-0

[Event "Commonwealth Open 2019"]
[Site "Delhi"]
[Date "2019.07.06"]
[Round "8.9"]
[White "Navalgund, Niranjan"]
[Black "Laxman, R.R."]
[Result "1-0"]
[ECO "E20"]
[WhiteElo "2326"]
[BlackElo "2437"]
[Annotator "NA"]
[PlyCount "75"]
[EventDate "2019.06.30"]
[EventType "swiss"]
[EventCountry "IND"]
[SourceTitle "playchess.com"]
[Source "ChessBase"]
[SourceQuality "1"]
[TimeControl "5400+30"]

1. d4 Nf6 2. c4 e6 3. Nc3 Bb4 4. f3 c5 5. d5 Nh5 6. g3 d6 7. e4 O-O 8. f4 Nf6 9. e5 Ne4 10. Qc2 exd5 11. cxd5 f5 12. e6 Na6 13. Bg2 Qf6 14. Nge2 Nc7 15. O-O Bxc3 16. Nxc3 Qd4+ 17. Kh1 Nxd5 18. Nxe4 fxe4 19. Rd1 Qb4 20. a3 Qa5 21. Qxe4 Nf6 22. Qe2 d5 23. f5 Qa6 24. Qxa6 bxa6 25. Rxd5 Bb7 26. Rxc5 Ne4 27. Re5 Nf2+ 28. Kg1 Bxg2 29. Kxg2 Nd3 30. Rd5 Ne1+ 31. Kf2 Nc2 32. Rb1 Rab8 33. g4 Nxa3 34. Ra1 Nc2 35. Ra4 Rfc8 36. Rd7 Nb4 37. Bd2 a5 38. Bc3 1-0

[Event "Commonwealth Open 2019"]
[Site "Delhi"]
[Date "2019.07.06"]
[Round "8.10"]
[White "Divya, Deshmukh"]
[Black "Aaryan Varshney"]
[Result "1-0"]
[ECO "B53"]
[WhiteElo "2414"]
[BlackElo "2284"]
[Annotator "NA"]
[PlyCount "107"]
[EventDate "2019.06.30"]
[EventType "swiss"]
[EventCountry "IND"]
[SourceTitle "playchess.com"]
[Source "ChessBase"]
[SourceQuality "1"]
[TimeControl "5400+30"]

1. e4 c5 2. Nf3 d6 3. d4 cxd4 4. Qxd4 Nc6 5. Bb5 Bd7 6. Bxc6 Bxc6 7. Nc3 Nf6 8. Bg5 e6 9. O-O-O Be7 10. Qd3 Qa5 11. h4 O-O 12. Nd4 Rfd8 13. Kb1 Be8 14. f4 a6 15. g4 Rac8 16. Rhg1 Qc5 17. f5 Bd7 18. Bc1 Qc4 19. Qf3 Qb4 20. Nde2 Bc6 21. Rd4 Qa5 22. g5 Nxe4 23. Nxe4 exf5 24. Qc3 Qb5 25. N4g3 Be4 26. Qe3 Bxc2+ 27. Ka1 Bf8 28. Nc3 Qa5 29. Bd2 Qc5 30. Rd5 Qxe3 31. Bxe3 Re8 32. Bd2 Rc4 33. Nxf5 Bxf5 34. Rxf5 Rxh4 35. Rgf1 Re7 36. Nd5 Rd7 37. Bc3 Re4 38. Kb1 Re2 39. b3 Re4 40. Bb2 Re8 41. R5f3 Re2 42. Rh1 Rd2 43. Nb6 Re7 44. Rfh3 h6 45. Bc3 Rf2 46. gxh6 gxh6 47. Rg3+ Kh7 48. Nd5 Re6 49. Rhg1 f6 50. Rg8 Rf5 51. Rxf8 Rxd5 52. Rf7+ Kh8 53. Bxf6+ Rxf6 54. Rxf6 1-0

[Event "Commonwealth Open 2019"]
[Site "Delhi"]
[Date "2019.07.06"]
[Round "8.11"]
[White "Saravana, Krishnan P."]
[Black "Nitin, S.."]
[Result "1-0"]
[ECO "B51"]
[WhiteElo "2290"]
[BlackElo "2398"]
[Annotator "NA"]
[PlyCount "129"]
[EventDate "2019.06.30"]
[EventType "swiss"]
[EventCountry "IND"]
[SourceTitle "playchess.com"]
[Source "ChessBase"]
[SourceQuality "1"]
[TimeControl "5400+30"]

1. e4 c5 2. Nf3 d6 3. Bb5+ Nd7 4. c3 Ngf6 5. Qe2 a6 6. Ba4 e5 7. O-O Be7 8. d4 b5 9. Bc2 O-O 10. a4 Rb8 11. Nbd2 Qc7 12. dxe5 dxe5 13. c4 b4 14. Rd1 Re8 15. Nf1 Bb7 16. Bg5 Nf8 17. Bxf6 Bxf6 18. Ne3 Ne6 19. Nd5 Qd8 20. a5 Nd4 21. Nxd4 exd4 22. Bd3 Be5 23. g3 g6 24. f4 Bg7 25. b3 Bc8 26. Re1 Be6 27. Qf1 Qc8 28. Nb6 Qd8 29. Qf3 f6 30. Ra2 Bf7 31. Rae2 Rb7 32. g4 Rbe7 33. h4 h6 34. Kh1 g5 35. Nd5 Bxd5 36. exd5 Qd6 37. Bf5 Rxe2 38. Rxe2 Rxe2 39. Qxe2 Kf8 40. Kg2 Qxf4 41. Bg6 Qe5 42. Qxe5 fxe5 43. h5 Ke7 44. Kf3 Kd6 45. Bd3 Bf6 46. Ke4 Bd8 47. Kf5 Bc7 48. Kf6 Kd7 49. Be4 Kd6 50. Bf5 Bxa5 51. Kg6 Ke7 52. Kxh6 Kf6 53. Bg6 Bd8 54. Kh7 e4 55. Bxe4 Kf7 56. d6 Ke6 57. Kg6 Kxd6 58. Kf5 Ke7 59. Kxg5 Ke6+ 60. Kg6 Ke5 61. h6 Bf6 62. Bb1 Bh8 63. g5 Kf4 64. Kh5 Ke5 65. g6 {[%emt 0:00:21] Kd5} 1-0

[Event "Commonwealth Open 2019"]
[Site "Delhi"]
[Date "2019.07.06"]
[Round "8.12"]
[White "Bhambure, Shantanu"]
[Black "Kulkarni, Bhakti"]
[Result "1-0"]
[ECO "D30"]
[WhiteElo "2248"]
[BlackElo "2380"]
[Annotator "NA"]
[PlyCount "79"]
[EventDate "2019.06.30"]
[EventType "swiss"]
[EventCountry "IND"]
[SourceTitle "playchess.com"]
[Source "ChessBase"]
[SourceQuality "1"]
[TimeControl "5400+30"]

1. d4 d5 2. c4 c6 3. Nf3 Nf6 4. Nbd2 e6 5. e3 Nbd7 6. Bd3 Bd6 7. O-O O-O 8. e4 dxe4 9. Nxe4 Nxe4 10. Bxe4 Nf6 11. Bc2 b6 12. Bg5 Ba6 13. Qd3 g6 14. Rad1 Be7 15. Ne5 Rc8 16. Qf3 Bb7 17. Ba4 Kg7 18. Bxc6 Ba6 19. b3 h6 20. Bf4 Bd6 21. Qe3 Rh8 22. Bf3 Qc7 23. Rfe1 h5 24. h3 Ng8 25. d5 f6 26. dxe6 fxe5 27. Bxe5+ Bxe5 28. Rd7+ Ne7 29. Rxc7 Bxc7 30. Qd4+ Kh6 31. Qd7 Nf5 32. Qa4 Nd4 33. Qxa6 Nxf3+ 34. gxf3 Bb8 35. Qb7 Rce8 36. Qd5 Re7 37. b4 Bc7 38. c5 Rd8 39. Qe4 Kh7 40. Re3 1-0

[Event "Commonwealth Open 2019"]
[Site "Delhi"]
[Date "2019.07.06"]
[Round "8.13"]
[White "Sanskriti, Goyal"]
[Black "Vaishali, R."]
[Result "0-1"]
[ECO "D07"]
[WhiteElo "1951"]
[BlackElo "2338"]
[Annotator "NA"]
[PlyCount "108"]
[EventDate "2019.06.30"]
[EventType "swiss"]
[EventCountry "IND"]
[SourceTitle "playchess.com"]
[Source "ChessBase"]
[SourceQuality "1"]
[TimeControl "5400+30"]

1. d4 d5 2. c4 Nc6 3. Nf3 Bg4 4. Nc3 e6 5. cxd5 exd5 6. Qb3 Nf6 7. Bg5 Na5 8. Qc2 Be7 9. Ne5 Be6 10. e3 O-O 11. Be2 h6 12. Bh4 Rc8 13. O-O c5 14. dxc5 Rxc5 15. Nd3 Rc8 16. Nf4 Nc4 17. Rfd1 Qa5 18. Bxc4 Rxc4 19. Qe2 Rc5 20. Rd4 Qa6 21. Qxa6 bxa6 22. Rad1 Rb8 23. h3 g5 24. Nxe6 fxe6 25. Bg3 Rb7 26. e4 Rxc3 27. bxc3 Nxe4 28. Rxe4 dxe4 29. Re1 Kf7 30. Rxe4 Rb6 31. Rc4 Rb1+ 32. Kh2 Rb2 33. Ra4 Rb6 34. Rc4 Rb2 35. Rc7 Kf6 36. a4 Ra2 37. Rc4 Bd8 38. f4 Bb6 39. fxg5+ hxg5 40. h4 gxh4 41. Rxh4 Rc2 42. Rc4 Ba5 43. Be1 Rc1 44. Bd2 Rc2 45. Be1 Re2 46. Bg3 Bb6 47. Bf4 e5 48. Bc1 e4 49. Kh3 Re1 50. Bf4 Kf5 51. Bg3 Rh1+ 52. Bh2 e3 53. g4+ Kg6 54. Re4 Bc7 0-1

[Event "Commonwealth Open 2019"]
[Site "Delhi"]
[Date "2019.07.06"]
[Round "8.14"]
[White "Thejkumar, M. S."]
[Black "Kumar, Gaurav"]
[Result "1-0"]
[ECO "E11"]
[WhiteElo "2458"]
[BlackElo "2110"]
[Annotator "ChessBase"]
[PlyCount "107"]
[EventDate "2019.06.30"]
[EventType "swiss"]
[EventCountry "IND"]
[SourceTitle "playchess.com"]
[Source "ChessBase"]
[SourceQuality "1"]
[TimeControl "5400+30"]

1. d4 Nf6 2. c4 e6 3. Nf3 Bb4+ 4. Bd2 a5 5. g3 d6 6. Bg2 Nbd7 7. O-O e5 8. Nc3 O-O 9. Qc2 Re8 10. dxe5 Nxe5 11. Bg5 h6 12. Bxf6 Qxf6 13. Nd5 Qd8 14. a3 Bc5 15. b4 Ba7 16. Rad1 c6 17. Nf4 Qf6 18. Nd2 Bf5 19. Be4 Bd7 20. Nb3 axb4 21. axb4 Ng4 22. c5 Bb8 23. cxd6 Bxd6 24. Nc5 Bxc5 25. bxc5 Bc8 26. Bg2 Ra5 27. Rd6 Qg5 28. Rc1 Bf5 29. e4 Bh7 30. h4 Qe5 31. Nd3 Qe7 32. Qd2 Rb5 33. f3 Nf6 34. Nf4 Qe5 35. Qf2 g5 36. Nd3 Qe7 37. hxg5 hxg5 38. Qd4 Nh5 39. Kf2 g4 40. Rh1 Bg6 41. Rxh5 Bxh5 42. Rh6 f6 43. Rxh5 Rd8 44. Qc4+ Kg7 45. fxg4 Qd7 46. Bf1 Rb1 47. Be2 Re8 48. g5 Qe6 49. Qd4 Rf8 50. Nf4 Qe7 51. gxf6+ Qxf6 52. e5 Qe7 53. Bd3 Kg8 54. Bxb1 1-0

[Event "Commonwealth Open 2019"]
[Site "Delhi"]
[Date "2019.07.06"]
[Round "8.15"]
[White "Michelle Catherina, P."]
[Black "Shyaamnikhil, P."]
[Result "0-1"]
[ECO "B90"]
[WhiteElo "2226"]
[BlackElo "2434"]
[Annotator "NA"]
[PlyCount "84"]
[EventDate "2019.06.30"]
[EventType "swiss"]
[EventCountry "IND"]
[SourceTitle "playchess.com"]
[Source "ChessBase"]
[SourceQuality "1"]
[TimeControl "5400+30"]

1. e4 c5 2. Nf3 d6 3. d4 Nf6 4. Nc3 cxd4 5. Nxd4 a6 6. h3 Nc6 7. g4 Nxd4 8. Qxd4 e5 9. Qd3 Be6 10. g5 Nd7 11. Bg2 Rc8 12. Be3 b5 13. a4 Qa5 14. Qd2 b4 15. Nd5 Bxd5 16. exd5 f5 17. gxf6 Nxf6 18. h4 Rc7 19. b3 Be7 20. O-O-O O-O 21. Qe2 Kh8 22. Kb1 Bd8 23. Rhg1 Rcf7 24. Bg5 Bb6 25. Bxf6 Rxf6 26. Be4 Bxf2 27. Rg2 Bd4 28. Qh5 Rh6 29. Qg5 Qc7 30. Rg3 a5 31. h5 Rhf6 32. Ka2 Rf2 33. Rc1 Qf7 34. Rh1 Qf6 35. Qg6 Qxg6 36. hxg6 Rf1 37. Rgh3 h6 38. Bd3 Rxh1 39. Rxh1 Kg8 40. Kb1 Rf4 41. Kc1 e4 42. Rf1 exd3 0-1

[Event "Commonwealth Open 2019"]
[Site "Delhi"]
[Date "2019.07.06"]
[Round "8.16"]
[White "Rathnakaran, K.."]
[Black "Kiran, Manisha Mohanty"]
[Result "1/2-1/2"]
[ECO "B50"]
[WhiteElo "2338"]
[BlackElo "2054"]
[Annotator "NA"]
[PlyCount "126"]
[EventDate "2019.06.30"]
[EventType "swiss"]
[EventCountry "IND"]
[SourceTitle "playchess.com"]
[Source "ChessBase"]
[SourceQuality "1"]
[TimeControl "5400+30"]

1. e4 c5 2. Nf3 d6 3. b3 Nc6 4. Bb2 e5 5. Bc4 Be7 6. Nc3 Nf6 7. h3 O-O 8. Qe2 a6 9. O-O Be6 10. Bxe6 fxe6 11. Nh2 Nd4 12. Qd1 Qe8 13. d3 Qg6 14. Ne2 Nh5 15. Nxd4 cxd4 16. Bc1 Rac8 17. Nf3 Nf4 18. Bxf4 Rxf4 19. g3 Rf7 20. Kg2 Rcf8 21. Nh2 h5 22. Qe2 Bg5 23. b4 b6 24. a4 Bh6 25. Kh1 Qg5 26. Rad1 Rc7 27. Rg1 Rfc8 28. Nf3 Qf6 29. Ne1 h4 30. g4 Bg5 31. Kg2 Qf4 32. Rf1 Rc3 33. Kg1 Rf8 34. a5 b5 35. Kg2 Rfc8 36. Kg1 Rf8 37. Kg2 Rf7 38. Rb1 Qd2 39. Qxd2 Bxd2 40. Nf3 Bf4 41. Nxh4 Rxc2 42. Nf3 Rfc7 43. Kg1 R7c3 44. Rfd1 Ra2 45. h4 Kf7 46. h5 Raa3 47. Ne1 Kf6 48. Kg2 d5 49. exd5 exd5 50. Rb2 Rab3 51. Re2 e4 52. dxe4 d3 53. e5+ Ke7 54. Ra2 d2 55. Nc2 Rd3 56. Ne3 Bxe3 57. fxe3 Rxe3 58. Raxd2 Rg3+ 59. Kf1 Rxg4 60. Rxd5 Rf4+ 61. Kg2 Rg4+ 62. Kf2 Rf4+ 63. Kg2 Rg4+ 1/2-1/2

[Event "Commonwealth Open 2019"]
[Site "Delhi"]
[Date "2019.07.06"]
[Round "8.17"]
[White "Priyanka, K."]
[Black "Sangma, Rahul"]
[Result "1/2-1/2"]
[ECO "C65"]
[WhiteElo "2053"]
[BlackElo "2298"]
[Annotator "NA"]
[PlyCount "114"]
[EventDate "2019.06.30"]
[EventType "swiss"]
[EventCountry "IND"]
[SourceTitle "playchess.com"]
[Source "ChessBase"]
[SourceQuality "1"]
[TimeControl "5400+30"]

1. e4 e5 2. Nf3 Nc6 3. Bb5 Nf6 4. d3 Bc5 5. c3 d6 6. O-O O-O 7. Re1 a6 8. Ba4 Ba7 9. h3 Ne7 10. Nbd2 Ng6 11. Nf1 Nh5 12. d4 Nhf4 13. dxe5 dxe5 14. Qxd8 Rxd8 15. Be3 Be6 16. Bc2 c5 17. b3 f6 18. Bxf4 Nxf4 19. c4 Bb6 20. Ne3 Ba5 21. Red1 Bc3 22. Rxd8+ Rxd8 23. Rd1 Bd4 24. Kf1 g5 25. Nd5 Kf7 26. Nxf4 gxf4 27. Bd3 Ke7 28. Ke2 Rg8 29. Nh4 Kd7 30. Kf3 Bf7 31. g3 fxg3 32. fxg3 Bh5+ 33. g4 Be8 34. Nf5 h5 35. Ng3 Rh8 36. Rh1 h4 37. Nf5 Rh7 38. Rb1 Ke6 39. a3 Bc3 40. b4 Kd7 41. Bc2 Kc7 42. bxc5 Bc6 43. Ne3 Bd2 44. Nd5+ Kc8 45. Ke2 Bg5 46. Rf1 Rf7 47. Rd1 Kb8 48. Nb6 Kc7 49. Na8+ Kc8 50. Nb6+ Kc7 51. Na8+ Kc8 52. Nb6+ Kc7 53. Nd5+ Kb8 54. Nb4 Bd7 55. Nd5 Bc6 56. Nb6 Kc7 57. Na8+ Kc8 1/2-1/2

[Event "Commonwealth Open 2019"]
[Site "Delhi"]
[Date "2019.07.06"]
[Round "8.18"]
[White "Anilkumar, O.T."]
[Black "Ajay Karthikeyan"]
[Result "1/2-1/2"]
[ECO "B08"]
[WhiteElo "1989"]
[BlackElo "2216"]
[Annotator "NA"]
[PlyCount "128"]
[EventDate "2019.06.30"]
[EventType "swiss"]
[EventCountry "IND"]
[SourceTitle "playchess.com"]
[Source "ChessBase"]
[SourceQuality "1"]
[TimeControl "5400+30"]

1. d4 d6 2. e4 Nf6 3. Nc3 g6 4. Nf3 Bg7 5. Bd3 O-O 6. h3 Nc6 7. Bg5 h6 8. Be3 e5 9. dxe5 dxe5 10. Qd2 Kh7 11. O-O-O Be6 12. Kb1 a6 13. g4 Nd7 14. Ne2 Nb6 15. Ng3 Nd4 16. Ne1 Nc4 17. Bxc4 Bxc4 18. c3 Ne6 19. b3 Qxd2 20. Rxd2 Bb5 21. Ng2 a5 22. h4 Rfd8 23. Rhd1 Bf8 24. Rxd8 Rxd8 25. Rxd8 Nxd8 26. Kc2 b6 27. f3 Ne6 28. c4 Bc6 29. Kd3 a4 30. Ne2 axb3 31. axb3 f5 32. Nc3 fxg4 33. fxg4 Be7 34. Nd5 Bd8 35. Bf2 Bd7 36. b4 Nd4 37. Nde3 Kg7 38. Bg3 Kf6 39. Nd5+ Ke6 40. Ngf4+ Kf7 41. Ng2 Bxg4 42. Bxe5 Ne6 43. Bg3 c6 44. Nde3 Bh3 45. Ne1 g5 46. hxg5 Nxg5 47. Bd6 h5 48. N1c2 Bd7 49. Ng2 Ne6 50. Bg3 Kg6 51. Nce3 Be7 52. Be1 Nf8 53. Kd4 Kf7 54. e5 c5+ 55. bxc5 Bxc5+ 56. Ke4 Ne6 57. Bh4 Bc6+ 58. Nd5 Kg6 59. Ngf4+ Nxf4 60. Kxf4 Kf7 61. Kf5 Bd7+ 62. Ke4 Bc6 63. Kf5 Bd7+ 64. Ke4 Bc6 1/2-1/2